Cogmind - Beta 16.1 @@@ ROGUE MODE // 2026.03.03 @ 23:05:43 Player: Genericgamer16 Result: Destroyed by Y-64 Sentinel with KE Penetrator Performance ------------- Evolutions (5) 2500 Regions Visited (19) 3800 Robots Destroyed (126) 630 Value Destroyed (4997) 4997 Prototype IDs (36) 720 Alien Tech Used (0) 0 Bonus (1762) 1762 TOTAL SCORE: 14409 Bonus ------- High Alert Combat Kills 71 Follower Combat Kills 228 Entered Garrisons 200 Used RIF Installer 500 Entered DSFs 500 Aligned with FarCom 300 Friendly Fire -37 Cogmind --------- Core Integrity 0/1000 Matter 176/300 Energy 100/100 System Corruption 4% Temperature Cool (9) Movement Walking (120) Location -5/Extension Parts ------- > --- POWER (2) -------- (None) > --- PROPULSION (5) --- Thunder Leg > --- UTILITY (8) ------ Improved Launcher Guidance Computer Makeshift Hacking Suite Improved Hacking Suite System Shield > --- WEAPON (2) ------- (None) > --- INVENTORY (5) ---- Compact Wheel Medium Storage Unit Remote Datajack Peak State ------------ > --- POWER ------------ Light Angular Momentum Engine > --- PROPULSION ------- Gravmag System Improved Gravmag System Gravmag Array > --- UTILITY ---------- Large Storage Unit Transmission Jammer Jamming Amplifier EM Shield Hacking Suite Hacking Suite System Shield System Shield > --- WEAPON ----------- Arc Projector Beamcaster > --- INVENTORY -------- Light Nuclear Core Micro Nuclear Core Micro Nuclear Core Potential Leg Potential Leg Gravmag Array Cooling System ECM Suite Cloaking Device Cloaking Device Improved Proton Missile Launcher Guided EMP Blaster Improved Datajack [Rating: 67] Favorites ----------- Power Improved Ion Engine Engine Improved Ion Engine Power Core Micro Nuclear Core Propulsion Light Treads Treads Light Treads Leg Potential Leg Wheel Wheel Hover Unit Gravmag System Flight Unit VTOL Module Utility Hacking Suite Device ECM Suite Storage Large Storage Unit Processor Signal Interpreter Hackware Hacking Suite Protection Improved Light Armor Plating Weapon EM Shotgun Energy Gun EM Shotgun Energy Cannon Ion Cannon Ballistic Gun High-powered Shotgun Ballistic Cannon Improved Light Cannon Launcher Grenade Launcher Special Weapon Remote Datajack Impact Weapon Great Maul Special Melee Weapon Improved Datajack Build | -11 -10 -10 -9 -9 -9 -8 -8 -8 -8 -8 -7 -7 -7 -7 -6 -6 -6 -5 -5 ------- Run | Yrd Mat Min Mat Min Exi Min Mat Gar Mat Sto Fac Was Fac DSF Fac Low Low Fac Ext Slots Evolved 10 | . . . 2 . . . 2 . . . 2 . . . 2 . . 2 . Power 1 | . . . . . . . . . . . . . . . . . . 1 . Propulsion 3 | . . . . . . . 1 . . . 1 . . . . . . 1 . Utility 6 | . . . 2 . . . 1 . . . 1 . . . 2 . . . . Weapon . | . . . . . . . . . . . . . . . . . . . . Parts Attached 131 | 6 8 4 6 2 . 4 5 4 8 9 14 . 1 4 24 12 1 14 5 Power 16 | 1 1 1 . . . . 1 . . 2 2 . . . 4 2 . 1 1 Engine 9 | 1 1 1 . . . . 1 . . 2 . . . . 2 . . . 1 Core 7 | . . . . . . . . . . . 2 . . . 2 2 . 1 . Reactor . | . . . . . . . . . . . . . . . . . . . . Propulsion 42 | 2 2 . 1 1 . 1 1 3 2 1 6 . . 4 5 3 . 7 3 Treads 8 | 1 1 . 1 1 . . 1 . . 1 . . . . . . . 2 . Leg 7 | . . . . . . . . 2 1 . 1 . . . . . . 3 . Wheel 5 | 1 1 . . . . 1 . . . . . . . . . . . . 2 Hover 16 | . . . . . . . . 1 1 . 1 . . 4 5 1 . 2 1 Flight 6 | . . . . . . . . . . . 4 . . . . 2 . . . Utility 41 | 1 1 1 2 1 . 1 2 . 4 3 4 . 1 . 12 4 1 3 . Device 13 | . 1 . . . . . . . 1 3 2 . . . 3 3 . . . Storage 5 | 1 . . . . . 1 . . 2 . . . . . . 1 . . . Processor 5 | . . 1 . 1 . . . . 1 . . . . . 1 . . 1 . Hackware 16 | . . . 1 . . . 1 . . . 2 . 1 . 8 . 1 2 . Protection 2 | . . . 1 . . . 1 . . . . . . . . . . . . Artifact . | . . . . . . . . . . . . . . . . . . . . Weapon 32 | 2 4 2 3 . . 2 1 1 2 3 2 . . . 3 3 . 3 1 Energy Gun 10 | . 3 1 2 . . . . . 1 . 1 . . . 1 . . . 1 Energy Cannon 3 | . . . . . . . . . . 2 . . . . . . . 1 . Ballistic Gun 5 | 2 . . . . . . . 1 . . . . . . . 1 . 1 . Ballistic Cannon 4 | . . . 1 . . . 1 . . . . . . . . 1 . 1 . Launcher 3 | . . . . . . 1 . . . 1 . . . . 1 . . . . Special Weapon 4 | . 1 . . . . . . . 1 . 1 . . . . 1 . . . Impact Weapon 1 | . . . . . . 1 . . . . . . . . . . . . . Slashing Weapon . | . . . . . . . . . . . . . . . . . . . . Piercing Weapon . | . . . . . . . . . . . . . . . . . . . . Special Melee Weapon 2 | . . 1 . . . . . . . . . . . . 1 . . . . Unidentified Prototypes 2 | . . . . . . . . . . 1 . . . . . . . 1 . Corrupted Parts 2 | . . . 1 . . . . . . . . . . . . 1 . . . System Corruption 6 | . . . 1 . . . . . . . . . . . . 5 . . . Parts Lost 81 | . 1 . 5 1 . . 1 5 1 1 8 . . 2 20 14 . 14 8 Power 11 | . . . . . . . 1 . . 1 1 . . . 3 2 . 2 1 Propulsion 35 | . 1 . 1 1 . . . 4 . . 5 . . 2 7 5 . 5 4 Utility 18 | . . . 1 . . . . . 1 . 1 . . . 7 4 . 3 1 Weapon 17 | . . . 3 . . . . 1 . . 1 . . . 3 3 . 4 2 Highest Loss Streak 10 | . 1 . 3 1 . . 1 3 1 1 8 . . 2 10 8 . 5 8 To Critical Strikes . | . . . . . . . . . . . . . . . . . . . . Average Backups 12 | 3 7 8 7 7 7 8 18 23 19 13 13 14 13 13 12 8 4 1 3 Power 1 | . 2 1 1 2 2 2 4 3 2 . . 2 2 2 2 . . . . Propulsion 2 | 1 2 2 2 3 2 3 3 3 . 1 1 . . 1 2 . . . 1 Utility 5 | . 1 2 1 1 1 1 6 11 11 8 7 7 6 5 3 5 2 . . Weapon 3 | 1 1 1 1 1 2 2 4 5 4 2 3 5 5 4 3 2 . . . Tool/Special . | . . . . . . . . . . . . . . . . . . . . Unused Backups 51 | . 6 . 3 1 2 . 1 9 11 . 6 . . 2 7 . . . 3 Power 6 | . 2 . . . . . . 1 2 . . . . . 1 . . . . Propulsion 9 | . 2 . . . 2 . . 1 . . 1 . . . 2 . . . 1 Utility 25 | . 1 . 1 1 . . . 7 8 . 2 . . 2 2 . . . 1 Weapon 10 | . 1 . 2 . . . 1 . 1 . 3 . . . 2 . . . . Tool/Special 1 | . . . . . . . . . . . . . . . . . . . 1 Average Slot Usage (%) 91 | . 98 100 92 96 100 100 86 99 98 97 87 92 92 98 89 61 41 62 58 Engine 7 | . 14 14 11 11 11 11 5 9 9 9 1 . . . 3 . . . 3 Core 1 | . . . . . . . . . . . 4 7 7 7 2 5 1 3 . Treads 9 | . 14 14 11 17 22 20 17 20 . 7 1 . . . . . . 3 . Leg 6 | . . . . . . . . 1 24 19 11 15 15 6 1 5 . 3 10 Wheel 2 | . 14 14 11 3 . 1 9 4 . . . . . . . . . . 1 Hover 3 | . . . . . . . . . 2 . 3 7 7 22 19 8 . 2 3 Device 6 | . 13 12 . . . . . . 7 7 14 7 9 15 11 10 13 10 . Storage 8 | . 14 14 11 11 11 11 9 9 9 9 6 7 7 7 6 5 . . . Processor 9 | . . 1 11 19 22 22 16 9 9 9 7 7 4 . 2 . . 1 5 Hackware 16 | . . . 9 11 11 11 9 18 18 18 14 23 23 23 29 17 18 26 22 Protection 1 | . . . 6 . . . 2 9 . . . . . . . . . . . Energy Gun 7 | . 25 27 20 11 11 6 . . 7 2 6 7 7 14 6 . . . 3 Energy Cannon 1 | . . . . . . . . . . 14 3 . . . . . . . 4 Ballistic Cannon 5 | . . . . 11 11 10 10 15 6 . . . . . . 1 1 3 . Peak Build Rating 67 | 6 11 11 18 17 19 20 29 51 52 53 59 59 59 60 67 61 29 64 51 Average Rating 35 | 4 10 10 14 16 17 18 21 31 47 47 45 59 57 52 58 45 24 48 44 On Entrance 31 | . 6 11 11 15 17 19 19 29 51 43 45 59 59 56 60 33 29 24 39 Avg Prop Armor Cover (%) 11 | 14 7 12 8 11 . 11 17 12 9 9 11 6 6 11 10 10 . 12 19 Naked Turns . | . . . . . . . . . . . . . . . . . . . . Heaviest Build 101 | 10 19 19 21 19 19 94 94 101 100 47 45 33 35 37 40 42 6 26 16 Greatest Support 77 | 10 20 16 20 40 40 40 10 60 77 60 75 60 60 60 60 31 3 54 43 Greatest Overweight (x) 10 | . 1 1 1 1 . 9 9 10 1 . 2 . . 3 3 8 1 2 2 Average Overweight (x) . | . . 1 . . . 1 8 5 . . . . . . . . 1 . . Largest Inventory Capacity 25 | 8 8 8 8 8 8 25 25 25 25 15 15 15 15 15 15 15 5 5 5 Average Capacity 14 | 7 8 8 8 8 8 10 25 25 20 15 14 15 15 15 15 13 5 5 5 Most Carried 25 | 6 8 8 8 8 8 11 25 25 25 15 15 15 15 15 15 12 5 5 5 Average Carried 13 | 4 7 7 7 7 7 8 18 23 19 14 14 15 14 14 14 8 4 1 3 Final Capacity 25 | 8 8 8 8 8 8 25 25 25 15 15 15 15 15 15 15 5 5 5 5 Final Carried 24 | 6 8 8 8 8 8 11 24 22 12 15 15 15 15 15 9 5 5 3 3 Class Distribution -------------------- 56% | Hacker-Mutant 35% | Mutant 4% | Bothacker-Mutant Dominant Class ---------------- Mutant | -10/Materials Mutant | -10/Mines Mutant | -9/Materials Mutant | -9/Mines Mutant | -9/Exiles Mutant | -8/Mines Mutant | -8/Materials Hacker-Mutant | -8/Garrison Hacker-Mutant | -8/Materials Hacker-Mutant | -8/Storage Bothacker-Mutant | -7/Factory Bothacker-Mutant | -7/Waste Hacker-Mutant | -7/Factory Hacker-Mutant | -7/DSF Hacker-Mutant | -6/Factory Hacker-Mutant | -6/Lower Caves Hacker-Mutant | -6/Lower Caves Hacker-Mutant | -5/Factory Hacker-Mutant | -5/Extension Resources | -11 -10 -10 -9 -9 -9 -8 -8 -8 -8 -8 -7 -7 -7 -7 -6 -6 -6 -5 -5 ----------- Run | Yrd Mat Min Mat Min Exi Min Mat Gar Mat Sto Fac Was Fac DSF Fac Low Low Fac Ext Matter Collected 3164 | 216 149 130 105 62 . 214 68 435 230 335 199 . . . 508 210 . 117 186 Remotely . | . . . . . . . . . . . . . . . . . . . . Salvage Created 4051 | . 294 59 387 149 . 175 56 355 249 715 263 . . . 472 255 . 436 186 Parts 236 | . 23 5 28 13 . 13 1 18 17 47 13 . . . 22 20 . 10 6 Haulers Intercepted 1 | . 1 . . . . . . . . . . . . . . . . . . Recyclers Shooed 4 | . . . . . . . . . . . 4 . . . . . . . . Parts Field Recycled . | . . . . . . . . . . . . . . . . . . . . Retrieved Matter . | . . . . . . . . . . . . . . . . . . . . Parts Self-Destructed 17 | . . . . . . . . . . . . . . . . 17 . . . Prevented 6 | . . . . . . . . . . . . . . . . 6 . . . Parts Restored . | . . . . . . . . . . . . . . . . . . . . Kills | -11 -10 -10 -9 -9 -9 -8 -8 -8 -8 -8 -7 -7 -7 -7 -6 -6 -6 -5 -5 ------- Run | Yrd Mat Min Mat Min Exi Min Mat Gar Mat Sto Fac Was Fac DSF Fac Low Low Fac Ext Combat Hostiles Destroyed 106 | . 8 3 11 6 . 8 2 12 8 13 7 . . . 9 12 . 7 . Melee 2 | . . . . . . . . . . . 1 . . . . . . 1 . Guns 38 | . 6 3 9 3 . . . 3 4 2 2 . . . 3 2 . 1 . Cannons 31 | . . . . 2 . . . 9 1 8 4 . . . . 6 . 1 . AOE 33 | . 2 . 2 1 . 8 2 . 3 3 . . . . 4 4 . 4 . Classes Destroyed 13 | . 6 . 2 1 . 1 . 1 1 1 . . . . . . . . . Worker 3 | . 2 . . . . . . . . 1 . . . . . . . . . Builder 4 | . . . . . . 1 . . 1 2 . . . . . . . . . Hauler 1 | . 1 . . . . . . . . . . . . . . . . . . Recycler 5 | . . . . . . . . . 1 1 1 . . . . . . 1 1 Operator 3 | . 1 . 1 . . . . . . 1 . . . . . . . . . Watcher 4 | . 1 . 1 . . . . . . . . . . . 1 . . . 1 Swarmer 51 | . 6 3 6 3 . 5 . . 6 3 4 . . . 3 12 . . . Grunt 30 | . 2 . 2 2 . 2 2 7 2 2 . . . . 3 . . 6 . Brawler 2 | . . . . 1 . 1 . . . . . . . . . . . . . Duelist 1 | . . . 1 . . . . . . . . . . . . . . . . Sentry 11 | . . . 2 . . . . 1 . 7 1 . . . . . . . . Hunter 2 | . . . . . . . . . . 1 . . . . 1 . . . . Programmer 9 | . . . . . . . . 4 . . 2 . . . 2 . . 1 . Best Kill Streak 6 | . 6 3 4 3 . 5 2 3 4 4 3 . . . 4 6 . 4 1 Combat Bots Only 6 | . 6 3 4 3 . 5 2 3 3 3 3 . . . 4 6 . 4 . Max Kills in Single Turn 4 | . 3 1 2 1 . 3 1 2 2 4 1 . . . 2 2 . 4 1 Gunslinging 1 | . 1 . . . . . . . . . . . . . . . . . . Exploded 4 | . 2 . 2 1 . 3 1 . 2 3 . . . . 2 2 . 4 . Melee 1 | . . . . . . . . . . . 1 . . . . . . 1 . Uniques/NPCs Destroyed . | . . . . . . . . . . . . . . . . . . . . Combat | -11 -10 -10 -9 -9 -9 -8 -8 -8 -8 -8 -7 -7 -7 -7 -6 -6 -6 -5 -5 -------- Run | Yrd Mat Min Mat Min Exi Min Mat Gar Mat Sto Fac Was Fac DSF Fac Low Low Fac Ext Hostile Shots Fired 1050 | . 35 11 34 20 . 15 5 75 56 37 170 . . 19 186 109 . 231 47 Missed 386 | . 13 2 14 4 . 3 2 26 20 8 62 . . 8 87 30 . 90 17 Hits 664 | . 22 9 20 16 . 12 3 49 36 29 108 . . 11 99 79 . 141 30 Melee 1 | . . . 1 . . . . . . . . . . . . . . . . Projectile 663 | . 22 9 19 16 . 12 3 49 36 29 108 . . 11 99 79 . 141 30 AOE 1 | . . . . . . . . . . . . . . . . . . 1 . Critical Strikes 29 | . . . . . . . . 1 2 . 9 . . . 8 1 . 5 3 Damage Taken 11453 | . 354 78 275 177 . 174 71 867 554 475 1409 . . 343 1971 1258 . 2700 747 Core 2852 | . 13 25 69 32 . 40 16 63 136 120 398 . . 130 450 355 . 681 324 Absorbed by Shields . | . . . . . . . . . . . . . . . . . . . . Ignored by Resistances 60 | . . . . . . . . . . . . . . . 60 . . . . Regen/Repaired (Parts) 467 | . . . . . . . 48 . 106 47 82 . . . 184 . . . . Core Remaining (%) 52 | 100 . 84 . . . 64 . . . 39 . . . 24 . . 5 . . Volleys Fired 347 | . 24 7 27 9 . 9 3 52 25 38 37 . 2 . 47 26 . 24 17 Largest 2 | . 2 2 2 2 . 2 2 2 2 2 2 . 1 . 2 2 . 2 2 Hottest 163 | . 90 90 120 78 . 78 63 70 138 135 120 . 5 . 130 95 . 140 163 Shots Fired 563 | . 41 13 42 19 1 13 5 102 38 72 67 . 2 . 51 29 . 48 20 Gun 249 | . 36 13 42 10 1 2 . 11 24 9 42 . . . 31 11 . 15 2 Cannon 259 | . . . . 9 . 4 2 91 8 62 24 . . . . 16 . 25 18 Launcher 30 | . . . . . . 7 3 . 6 1 . . . . 11 2 . . . Special 25 | . 5 . . . . . . . . . 1 . 2 . 9 . . 8 . Kinetic 192 | . . . . 9 . 4 2 102 13 . . . . . . 24 . 38 . Thermal 218 | . 5 . 4 . . . . . 19 71 66 . . . 25 . . 10 18 Explosive 16 | . . . . . . 7 3 . 6 . . . . . . . . . . Electromagnetic 125 | . 36 13 38 10 1 2 . . . 1 . . . . 17 5 . . 2 Robot Hit Streak 13 | . 7 3 8 9 . 2 1 10 6 10 9 . 1 . 13 6 . 5 3 Robot Miss Streak 7 | . 5 4 3 2 . 3 1 5 7 4 2 . 1 . 3 2 . 2 5 Penetration Max . | . . . . . . . . . . . . . . . . . . . . Secondary Targets 1 | . 1 . . . . . . . . . . . . . . . . . . Max Gunslinging Chain 1 | . 1 . . . . . . . . . . . . . . . . . . Shots Hit Robots 343 | . 29 10 39 13 . 4 2 63 19 36 45 . 1 . 37 18 . 20 7 Core Hits 241 | . 19 5 25 9 . 15 2 48 19 22 20 . . . 28 14 . 10 5 Critical Kills 3 | . . . . . . . . . 1 . . . . . . 2 . . . Critical Parts Destroyed 1 | . . . . . . . . . . . . . . . . 1 . . . Critical Strikes 12 | . . . . . . . . 2 2 2 . . . . 1 3 . 2 . Burn 4 | . . . . . . . . . 1 2 . . . . 1 . . . . Destroy 4 | . . . . . . . . . 1 . . . . . . 3 . . . Blast 4 | . . . . . . . . 2 . . . . . . . . . 2 . Melee Attacks 8 | . . 1 6 . . . . . . . . . . . 1 . . . . Impact . | . . . . . . . . . . . . . . . . . . . . Slashing . | . . . . . . . . . . . . . . . . . . . . Piercing . | . . . . . . . . . . . . . . . . . . . . Sneak Attacks 3 | . . 1 2 . . . . . . . . . . . . . . . . Combat Hostiles . | . . . . . . . . . . . . . . . . . . . . Follow-up Attacks . | . . . . . . . . . . . . . . . . . . . . Damage Inflicted 9217 | . 938 74 550 242 . 579 112 1334 530 1060 832 . . . 1263 460 . 1017 226 Guns 2552 | . 387 74 478 123 . 7 . 175 266 85 308 . . . 397 41 . 188 23 Cannons 3277 | . . . . 86 . 21 . 1159 50 760 277 . . . . 271 . 453 200 Explosions 3030 | . 551 . 72 33 . 549 112 . 208 148 . . . . 845 148 . 364 . Melee . | . . . . . . . . . . . . . . . . . . . . Ramming 358 | . . . . . . 2 . . 6 67 247 . . . 21 . . 12 3 Kinetic 2452 | . . . . 86 . 21 . 1334 107 . . . . . . 296 . 608 . Thermal 2864 | . 99 . 114 33 . . . . 209 845 585 . . . 382 . . 397 200 Explosive 1321 | . 452 . . . . 549 112 . 208 . . . . . . . . . . Electromagnetic 2222 | . 387 74 436 123 . 7 . . . 148 . . . . 860 164 . . 23 Impact . | . . . . . . . . . . . . . . . . . . . . Slashing . | . . . . . . . . . . . . . . . . . . . . Piercing . | . . . . . . . . . . . . . . . . . . . . Highest Corruption 13 | . . . 1 1 1 1 . 2 4 5 7 13 13 13 3 9 9 4 4 Average Corruption 3 | . . . 1 1 1 1 . 1 2 4 6 12 13 13 2 5 9 3 4 Corruption Purged . | . . . . . . . . . . . . . . . . . . . . Corruption Blocked . | . . . . . . . . . . . . . . . . . . . . Effects 170 | . . . 4 2 13 11 . 10 27 28 27 5 7 5 1 11 2 6 11 Message Errors 41 | . . . 2 . 3 2 . 3 8 6 7 . 2 . . 1 1 2 4 Matter Fused 39 | . . . 1 . 3 2 . 3 5 4 5 4 3 1 . 6 . 1 1 Heat Flow Errors 16 | . . . . 1 1 4 . . 1 3 2 . 1 1 . . . 1 1 Energy Discharges 23 | . . . . . 1 2 . . 4 7 5 . . . . . 1 . 3 Parts Rejected 2 | . . . . . . . . . 2 . . . . . . . . . . Parts Fused 1 | . . . 1 . . . . . . . . . . . . . . . . Data Loss (minor) 23 | . . . . . 2 1 . 3 2 3 6 . 1 2 1 2 . . . Data Loss (major) 11 | . . . . . 2 . . 1 3 2 1 . . . . 2 . . . Misfires 6 | . . . . 1 1 . . . 1 1 . . . . . . . 1 1 Alerts 3 | . . . . . . . . . 1 . 1 . . . . . . . 1 Misdirections 2 | . . . . . . . . . . . . 1 . 1 . . . . . Weapon Failures 3 | . . . . . . . . . . 2 . . . . . . . 1 . Overload Shots . | . . . . . . . . . . . . . . . . . . . . Overflow Damage 293 | . 82 . 13 1 . . . 17 . 3 . . . . 119 3 . 38 17 Projectiles 51 | . . . . . . . . 17 . . . . . . . 3 . 14 17 Explosions 239 | . 82 . 13 1 . . . . . . . . . . 119 . . 24 . Melee 3 | . . . . . . . . . . 3 . . . . . . . . . Knockbacks 31 | . . . . 1 . 1 . 14 2 1 4 . . . 1 2 . 5 . Impact 6 | . . . . . . . . . . 1 4 . . . 1 . . . . Kinetic 25 | . . . . 1 . 1 . 14 2 . . . . . . 2 . 5 . Secondary . | . . . . . . . . . . . . . . . . . . . . Self-Inflicted Damage 984 | . 165 . 37 39 . 50 29 . 70 . . . . . 385 22 . 186 1 Shots 23 | . 3 . 1 1 . 2 2 . 3 . . . . . 8 1 . 2 . Rammed 7 | . . . . . . 1 . . . . . . . . 4 . . . 2 Targets Rammed 79 | . . . . . . 1 . . 1 6 63 . . . 4 . . 2 2 Kicked 71 | . . . . . . . . . 1 6 63 . . . . . . 1 . Crushed 1 | . . . . . . . . . . . . . . . . . . 1 . Highest Temperature 295 | . 270 204 295 270 121 213 1 45 149 237 218 . 230 118 66 9 . 91 286 Average Temperature 59 | . 83 99 81 65 52 72 1 20 50 75 50 . 117 72 22 4 . 24 60 Received Heat Transfer 2398 | . 24 . 63 18 . 27 27 315 189 144 78 . . . 369 81 . 663 400 Effects 3 | . . . 3 . . . . . . . . . . . . . . . . Interference 3 | . . . 3 . . . . . . . . . . . . . . . . Siege Activations . | . . . . . . . . . . . . . . . . . . . . Martial Activations . | . . . . . . . . . . . . . . . . . . . . Shielding Activations . | . . . . . . . . . . . . . . . . . . . . Robots Disrupted . | . . . . . . . . . . . . . . . . . . . . Combat Hostiles . | . . . . . . . . . . . . . . . . . . . . Robots Corrupted 3 | . . . . . . . . . . 1 . . . . 2 . . . . Combat Hostiles 2 | . . . . . . . . . . . . . . . 2 . . . . Parts Fried 9 | . 2 . 3 . . . . . . 1 . . . . 3 . . . . Impact Corruptions 1 | . . . . . . . . . . 1 . . . . . . . . . Robots Melted . | . . . . . . . . . . . . . . . . . . . . Combat Hostiles . | . . . . . . . . . . . . . . . . . . . . Parts Melted 7 | . . . . . . . . . . 2 2 . . . 3 . . . . Heat Transferred 5390 | . 200 . 224 . . . . . 518 1517 1628 . . . 703 . . 300 300 Parts Sabotaged . | . . . . . . . . . . . . . . . . . . . . Parts Stolen . | . . . . . . . . . . . . . . . . . . . . Parts Stripped . | . . . . . . . . . . . . . . . . . . . . Power Chain Reactions 4 | . 2 . 1 1 . . . . . . . . . . . . . . . Alert | -11 -10 -10 -9 -9 -9 -8 -8 -8 -8 -8 -7 -7 -7 -7 -6 -6 -6 -5 -5 ------- Run | Yrd Mat Min Mat Min Exi Min Mat Gar Mat Sto Fac Was Fac DSF Fac Low Low Fac Ext Maximum Alert Level 3 | . . . . . . . . 3 1 . . . . . . . . 1 . Low Security (%) 90 | 100 100 100 100 100 . 100 100 27 83 100 100 100 100 100 100 . . 99 100 Level 1 6 | . . . . . . . . 43 16 . . . . . . . . . . Level 2 2 | . . . . . . . . 23 . . . . . . . . . . . Level 3 . | . . . . . . . . 5 . . . . . . . . . . . Level 4 . | . . . . . . . . . . . . . . . . . . . . Level 5 . | . . . . . . . . . . . . . . . . . . . . High Security . | . . . . . . . . . . . . . . . . . . . . Max Security . | . . . . . . . . . . . . . . . . . . . . Peak Influence 732 | . 140 70 141 152 . 179 60 732 356 134 90 . . 30 159 . . 216 98 Initial 356 | . . 27 11 38 . . 31 11 356 44 39 . . . 15 . . 53 83 Average 73 | . 44 10 89 110 . 48 10 315 75 65 17 . . 3 58 . . 25 26 Influence Increases 4723 | . 272 70 403 144 . 358 121 771 299 479 263 . . 45 713 360 . 350 75 Destroy 0b10 Robot/C 2300 | . 160 60 240 120 . 200 60 240 160 260 140 . . . 280 240 . 140 . Destroy 0b10 Robot/NC 120 | . 25 . 10 . . 5 5 10 10 25 5 . . . 10 . . 5 10 Destroy Leader 482 | . 34 10 72 20 . 30 22 10 30 90 40 . . . 62 30 . 30 2 Allied During Kill 43 | . . . 9 . . 27 2 . . . . . . . 5 . . . . Trap Triggered on 0b10 30 | . . . . . . . . 30 . . . . . . . . . . . Successful Hack 243 | . 18 . 22 . . . 11 26 13 19 63 . . . 71 . . . . Disable Machine 405 | . 15 . . . . 75 . 15 15 45 . . . . 150 . . 75 15 Anti-Garrison Action 350 | . . . . . . . . 350 . . . . . . . . . . . Destroy Structure 270 | . 20 . 5 4 . 21 21 . 41 10 . . . . 60 . . 70 18 Partial Spotted 30 | . . . . . . . . . . 15 . . . . 15 . . . . Lose Combat Pursuer 450 | . . . 45 . . . . 90 30 15 15 . . 45 60 90 . 30 30 Influence Decreases 4723 | . 201 111 334 151 92 277 185 56 924 498 351 . . 15 626 359 33 265 245 Entered New Map 962 | . . 44 19 61 92 . 50 6 376 63 49 . . . 15 45 23 32 87 Time Decay 2926 | . 191 67 245 80 . 257 135 . 388 415 302 . . . 381 184 10 143 128 Lost Part 585 | . 10 . 50 10 . . . 50 10 10 . . . 15 180 130 . 90 30 Lost Ally 100 | . . . 20 . . 20 . . . 10 . . . . 50 . . . . Purge Threat 150 | . . . . . . . . . 150 . . . . . . . . . . Squads Dispatched 25 | . 1 1 2 . . . 1 . . . 9 . . 1 8 . . 1 1 Investigation 6 | . . . 1 . . . 1 . . . 3 . . . 1 . . . . Extermination 9 | . . . . . . . . . . . 4 . . . 4 . . 1 . Reinforcement 9 | . 1 . 1 . . . . . . . 2 . . 1 3 . . . 1 Assault 1 | . . 1 . . . . . . . . . . . . . . . . . Garrison . | . . . . . . . . . . . . . . . . . . . . Intercept . | . . . . . . . . . . . . . . . . . . . . Searches Triggered . | . . . . . . . . . . . . . . . . . . . . Construction Impeded 1 | . . . . . . . . . . . . . . . . . . . 1 Haulers Reinforced 1 | . . . . . . . . . . . . . . . 1 . . . . Active Scanning Responses . | . . . . . . . . . . . . . . . . . . . . Cargo Convoy Interrupts . | . . . . . . . . . . . . . . . . . . . . Stealth | -11 -10 -10 -9 -9 -9 -8 -8 -8 -8 -8 -7 -7 -7 -7 -6 -6 -6 -5 -5 --------- Run | Yrd Mat Min Mat Min Exi Min Mat Gar Mat Sto Fac Was Fac DSF Fac Low Low Fac Ext Distress Signals 10 | . . . 3 . . . . . 1 2 . . . . 2 . . 1 1 Communications Jammed 9 | . . . . . . . . . . . 5 . . . 4 . . . . Distress Signals 9 | . . . . . . . . . . . 5 . . . 4 . . . . Times Spotted 238 | . 16 3 20 5 . 10 4 20 14 23 15 6 . 5 55 19 . 14 9 Peak Tracking Total 11 | . 7 3 5 3 . 6 2 3 3 4 4 6 . 3 11 9 . 7 7 Tactical Retreats 32 | . . . 2 . . . . 3 1 3 3 1 . 2 12 3 . 1 1 ECM-based Alert Blocks 29 | . . . . . . . . . . 3 2 . . . 24 . . . . Traps | -11 -10 -10 -9 -9 -9 -8 -8 -8 -8 -8 -7 -7 -7 -7 -6 -6 -6 -5 -5 ------- Run | Yrd Mat Min Mat Min Exi Min Mat Gar Mat Sto Fac Was Fac DSF Fac Low Low Fac Ext Traps Triggered 13 | . . . 1 . . . . 4 1 2 2 . . . 3 . . . . Indirectly . | . . . . . . . . . . . . . . . . . . . . Trap Hack Attempts . | . . . . . . . . . . . . . . . . . . . . Triggered . | . . . . . . . . . . . . . . . . . . . . Disarmed . | . . . . . . . . . . . . . . . . . . . . Reprogrammed . | . . . . . . . . . . . . . . . . . . . . Reused 3 | . . . . . . . . 3 . . . . . . . . . . . Traps Extracted . | . . . . . . . . . . . . . . . . . . . . Installed 3 | . . . . . . . . 3 . . . . . . . . . . . Triggered 3 | . . . . . . . . 3 . . . . . . . . . . . Most Traps Carried 2 | . . . . . . . . 2 . . . . . . . . . . . Machines | -11 -10 -10 -9 -9 -9 -8 -8 -8 -8 -8 -7 -7 -7 -7 -6 -6 -6 -5 -5 ---------- Run | Yrd Mat Min Mat Min Exi Min Mat Gar Mat Sto Fac Was Fac DSF Fac Low Low Fac Ext Machines Disabled 32 | . 1 . . . . 5 . 6 1 3 . . . . 10 . . 5 1 Max in Single Turn 5 | . 1 . . . . 2 . 1 1 1 . . . . 5 . . 4 1 Garrison Access 3 | . . . . . . . . . . 1 . . 1 . . . . 1 . Garrison Relay 6 | . . . . . . . . 6 . . . . . . . . . . . Machines Repaired . | . . . . . . . . . . . . . . . . . . . . Machines Dismantled . | . . . . . . . . . . . . . . . . . . . . Machines Sabotaged . | . . . . . . . . . . . . . . . . . . . . Overloaded Fab Kills . | . . . . . . . . . . . . . . . . . . . . Hacking | -11 -10 -10 -9 -9 -9 -8 -8 -8 -8 -8 -7 -7 -7 -7 -6 -6 -6 -5 -5 --------- Run | Yrd Mat Min Mat Min Exi Min Mat Gar Mat Sto Fac Was Fac DSF Fac Low Low Fac Ext Machines Accessed 72 | . 7 . 4 . 5 . 5 2 9 11 10 . 5 . 12 . . 2 . Terminals 38 | . 7 . 3 . . . 3 2 5 7 5 . 2 . 4 . . . . Fabricators 6 | . . . . . . . . . . . 2 . 1 . 3 . . . . Repair Stations 10 | . . . 1 . . . 1 . 1 2 2 . 1 . 2 . . . . Recycling Units 7 | . . . . . . . . . 2 1 1 . . . 2 . . 1 . Scanalyzers 2 | . . . . . . . . . 1 . . . . . 1 . . . . Garrison Access 4 | . . . . . . . 1 . . 1 . . 1 . . . . 1 . Total Hacks 252 | . 18 . 15 . 50 . 12 4 29 31 29 . 12 . 49 . . 3 . Successful 183 | . 9 . 5 . 50 . 7 4 24 25 20 . 6 . 30 . . 3 . Failed 68 | . 9 . 10 . . . 4 . 5 6 9 . 6 . 19 . . . . Catastrophic 5 | . 1 . . . . . . . . 2 . . . . 2 . . . . Database Lockouts 1 | . . . . . . . 1 . . . . . . . . . . . . Manual 86 | . 13 . 6 . 2 . 7 2 15 11 9 . 2 . 19 . . . . Terminals 111 | . 18 . 9 . . . 9 4 16 18 12 . 3 . 22 . . . . Fabricators 18 | . . . . . . . . . . . 5 . 3 . 10 . . . . Repair Stations 37 | . . . 6 . . . 2 . 3 7 7 . 4 . 8 . . . . Recycling Units 22 | . . . . . . . . . 8 4 5 . . . 4 . . 1 . Scanalyzers 7 | . . . . . . . . . 2 . . . . . 5 . . . . Garrison Access 7 | . . . . . . . 1 . . 2 . . 2 . . . . 2 . Terminal Hacks 84 | . 5 . 2 . 50 . 2 2 7 7 3 . 1 . 5 . . . . Record 51 | . . . . . 49 . . . . 1 1 . . . . . . . . Part Schematic 4 | . . . . . . . 2 . 1 . . . . . 1 . . . . Prototype ID Bank 5 | . 1 . 1 . . . . . 1 1 . . . . 1 . . . . Open Door 2 | . . . . . . . . . . 2 . . . . . . . . . Open DSF 1 | . . . . . . . . . . . . . 1 . . . . . . Branch Access Points 3 | . 1 . . . . . . . 1 . . . . . 1 . . . . Emergency Access Points 3 | . 1 . 1 . . . . 1 . . . . . . . . . . . Terminal Index 4 | . 1 . . . . . . . 1 2 . . . . . . . . . Fabricator Index 3 | . . . . . . . . . 1 1 1 . . . . . . . . Scanalyzer Index 1 | . . . . . . . . . 1 . . . . . . . . . . Unreport Threat 1 | . . . . . . . . . 1 . . . . . . . . . . Locate Traps 1 | . . . . . . . . . . . 1 . . . . . . . . Investigation Status 1 | . . . . . . . . . . . . . . . 1 . . . . Recall Investigation 1 | . 1 . . . . . . . . . . . . . . . . . . Recall Reinforcements 1 | . . . . . . . . . . . . . . . 1 . . . . Patrol Navigation 1 | . . . . . . . . 1 . . . . . . . . . . . Proto ID Catalog 1 | . . . . . 1 . . . . . . . . . . . . . . Fabricator Hacks 13 | . . . . . . . . . . . 5 . 1 . 7 . . . . Network Status 2 | . . . . . . . . . . . 1 . 1 . . . . . . Load Schematic 5 | . . . . . . . . . . . 2 . . . 3 . . . . Build 6 | . . . . . . . . . . . 2 . . . 4 . . . . Repair Station Hacks 27 | . . . 2 . . . 2 . 3 6 5 . 1 . 8 . . . . Scan Component 14 | . . . 2 . . . 1 . 1 3 2 . 1 . 4 . . . . Repair 11 | . . . . . . . 1 . 1 3 2 . . . 4 . . . . Refit 2 | . . . . . . . . . 1 . 1 . . . . . . . . Recycling Unit Hacks 17 | . . . . . . . . . 6 4 3 . . . 3 . . 1 . Process 3 | . . . . . . . . . 1 1 1 . . . . . . . . Report Inventory 7 | . . . . . . . . . 2 1 1 . . . 2 . . 1 . Retrieve Matter 7 | . . . . . . . . . 3 2 1 . . . 1 . . . . Scanalyzer 5 | . . . . . . . . . 2 . . . . . 3 . . . . Insert Component 2 | . . . . . . . . . 1 . . . . . 1 . . . . Analyze 2 | . . . . . . . . . 1 . . . . . 1 . . . . Retrieve Study 1 | . . . . . . . . . . . . . . . 1 . . . . Garrison Access Hacks 7 | . . . . . . . 1 . . 2 . . 2 . . . . 2 . Unlock Access 1 | . . . . . . . 1 . . . . . . . . . . . . Seal Access 3 | . . . . . . . . . . 1 . . 1 . . . . 1 . Coupler Status 3 | . . . . . . . . . . 1 . . 1 . . . . 1 . Unauthorized Hacks 30 | . 4 . 1 . . . 2 2 6 6 4 . 1 . 4 . . . . Terminals 26 | . 4 . 1 . . . 2 2 4 6 2 . 1 . 4 . . . . Assimilate 4 | . . . . . . . . . . 3 . . . . 1 . . . . Botnet 22 | . 4 . 1 . . . 2 2 4 3 2 . 1 . 3 . . . . Fabricators . | . . . . . . . . . . . . . . . . . . . . Repair Stations . | . . . . . . . . . . . . . . . . . . . . Recycling Units 4 | . . . . . . . . . 2 . 2 . . . . . . . . Monitor 2 | . . . . . . . . . 1 . 1 . . . . . . . . Mask 2 | . . . . . . . . . 1 . 1 . . . . . . . . Scanalyzers . | . . . . . . . . . . . . . . . . . . . . Garrison Access . | . . . . . . . . . . . . . . . . . . . . Data Cores Recovered 1 | . . . . . . . . . . 1 . . . . . . . . . Used . | . . . . . . . . . . . . . . . . . . . . Hacking Detections 45 | . 7 . 4 . . . 3 1 5 7 8 . 2 . 8 . . . . Full Trace Events 8 | . 1 . 1 . . . 1 . . 1 3 . . . 1 . . . . Feedback Events . | . . . . . . . . . . . . . . . . . . . . Feedback Blocked . | . . . . . . . . . . . . . . . . . . . . Robot Schematics Acquired . | . . . . . . . . . . . . . . . . . . . . Robots Built . | . . . . . . . . . . . . . . . . . . . . Authchips . | . . . . . . . . . . . . . . . . . . . . Time . | . . . . . . . . . . . . . . . . . . . . Total Robot Build Rating . | . . . . . . . . . . . . . . . . . . . . Part Schematics Acquired 6 | . . . . . . . 2 . 2 . . . . . 2 . . . . Parts Built 7 | . . . . . . . . . . . 2 . . . 5 . . . . Authchips 2 | . . . . . . . . . . . . . . . 2 . . . . Time 198 | . . . . . . . . . . . 72 . . . 126 . . . . Total Part Build Rating 27 | . . . . . . . . . . . 6 . . . 21 . . . . Part Studies Acquired 1 | . . . . . . . . . . . . . . . 1 . . . . Parts Repaired 11 | . . . . . . . 1 . 1 3 2 . . . 4 . . . . Time 411 | . . . . . . . 26 . 51 129 39 . . . 166 . . . . Parts Recycled . | . . . . . . . . . . . . . . . . . . . . Recycled Matter 191 | . . . . . . . . . 64 120 7 . . . . . . . . Retrieved Matter 298 | . . . . . . . . . 64 120 7 . . . 107 . . . . Retrieved Components . | . . . . . . . . . . . . . . . . . . . . Parts Scanalyzed 2 | . . . . . . . . . 1 . . . . . 1 . . . . Part Schematics Acquired 2 | . . . . . . . . . 1 . . . . . 1 . . . . Parts Damaged . | . . . . . . . . . . . . . . . . . . . . Bothacking | -11 -10 -10 -9 -9 -9 -8 -8 -8 -8 -8 -7 -7 -7 -7 -6 -6 -6 -5 -5 ------------ Run | Yrd Mat Min Mat Min Exi Min Mat Gar Mat Sto Fac Was Fac DSF Fac Low Low Fac Ext Used RIF Installer 1 | . . . . . . . . 1 . . . . . . . . . . . Robots Hacked 10 | . . 1 2 . . . . . . . 1 . 1 . 5 . . . . Non-combat 5 | . . 1 1 . . . . . . . . . 1 . 2 . . . . Combat 5 | . . . 1 . . . . . . . 1 . . . 3 . . . . Robot Hacks Applied 10 | . . 1 2 . . . . . . . 1 . 1 . 5 . . . . parse_system 3 | . . . 2 . . . . . . . . . . . 1 . . . . no_distress 2 | . . 1 . . . . . . . . . . . . 1 . . . . find_dsf 1 | . . . . . . . . . . . . . 1 . . . . . . overwrite_iff 1 | . . . . . . . . . . . . . . . 1 . . . . formatsys_high 3 | . . . . . . . . . . . 1 . . . 2 . . . . Relay Couplers Released 30 | . . . . . . . . 27 . . . . . . . . . 3 . Machine Destruction 30 | . . . . . . . . 27 . . . . . . . . . 3 . Attached 4 | . . . . . . . . . . . 1 . . . 3 . . . . Fabnet Peak Effective % . | . . . . . . . . . . . . . . . . . . . . Robots Rewired . | . . . . . . . . . . . . . . . . . . . . Allies Hacked . | . . . . . . . . . . . . . . . . . . . . Hacks Repelled . | . . . . . . . . . . . . . . . . . . . . Allies | -11 -10 -10 -9 -9 -9 -8 -8 -8 -8 -8 -7 -7 -7 -7 -6 -6 -6 -5 -5 -------- Run | Yrd Mat Min Mat Min Exi Min Mat Gar Mat Sto Fac Was Fac DSF Fac Low Low Fac Ext Total Allies 11 | . . 1 . 3 . . . . . 1 1 1 . . 4 . . . . Largest Group 3 | . . 1 1 3 3 3 2 . . . 1 1 . . 1 . . . . Highest-Rated Group 85 | . . 31 31 40 40 40 32 . . . 21 21 . . 85 . . . . Highest-Rated Ally 85 | . . 31 31 16 16 16 16 . . . 21 21 . . 85 . . . . Total Orders 4 | . . . . . . . . . . 1 1 . . . 2 . . . . STAY 1 | . . . . . . . . . . . . . . . 1 . . . . ROAM 1 | . . . . . . . . . . . 1 . . . . . . . . FOLLOW 1 | . . . . . . . . . . . . . . . 1 . . . . RETURN 1 | . . . . . . . . . . 1 . . . . . . . . . Ally Attacks 60 | . . . 8 . . 11 14 . . . . 8 . . 19 . . . . Total Damage 1345 | . . . 107 . . 115 145 . . . . 235 . . 743 . . . . Kills 11 | . . . 1 . . 2 2 . . . . . . . 6 . . . . Allies Corrupted . | . . . . . . . . . . . . . . . . . . . . Allies Melted 1 | . . . . . . . . . . . . . . . 1 . . . . Intel | -11 -10 -10 -9 -9 -9 -8 -8 -8 -8 -8 -7 -7 -7 -7 -6 -6 -6 -5 -5 ------- Run | Yrd Mat Min Mat Min Exi Min Mat Gar Mat Sto Fac Was Fac DSF Fac Low Low Fac Ext Active Infowar (turns) 3764 | . 530 491 . . . . . . . 299 445 8 1 143 1553 294 . . . Terrain 200 | . . . . . . . . . . . . . . . . 200 . . . Structural 1021 | . 530 491 . . . . . . . . . . . . . . . . . Cloaking 391 | . . . . . . . . . . . . . . . 97 294 . . . Jamming 1545 | . . . . . . . . . . . 317 8 . 143 1077 . . . . ECM 1349 | . . . . . . . . . . 299 364 . 1 . 685 . . . . Robot Analysis Total . | . . . . . . . . . . . . . . . . . . . . Derelict Logs Recovered 2 | . . 1 . . . . . . . . . . . . . 1 . . . Drone Launches 4 | . . . . . . . . . . 2 2 . . . . . . . . Drone Recoveries 4 | . . . . . . . . . . 2 2 . . . . . . . . Exploration | -11 -10 -10 -9 -9 -9 -8 -8 -8 -8 -8 -7 -7 -7 -7 -6 -6 -6 -5 -5 ------------- Run | Yrd Mat Min Mat Min Exi Min Mat Gar Mat Sto Fac Was Fac DSF Fac Low Low Fac Ext Turns Passed 15295 | 49 541 562 544 179 1665 1191 837 1357 1892 1007 1595 114 180 148 1725 465 35 685 524 Spaces Moved 9337 | 44 329 461 282 92 1032 631 355 503 722 507 962 131 191 129 1756 440 33 393 344 Core 162 | 10 . . . . . . . . . . . . . . . 13 33 58 48 Treads 2154 | . 171 . 91 72 1032 538 . 200 . . . . . . . . . 50 . Legs 3038 | . . . . . . . . 55 722 507 745 131 191 53 215 52 . 211 156 Wheels 1647 | 34 158 461 191 20 . 93 355 248 . . . . . . . . . . 87 Hover 2119 | . . . . . . . . . . . . . . 76 1541 375 . 74 53 Flight 217 | . . . . . . . . . . . 217 . . . . . . . . Fastest Speed 45 | 50 80 115 100 115 160 160 200 170 45 45 45 45 90 45 45 45 100 100 100 Average Speed 122 | 73 128 115 148 150 160 168 210 224 132 84 118 87 90 98 56 87 100 137 131 Slowest Speed 450 | 80 160 115 240 160 160 215 215 240 179 90 190 90 90 260 210 450 100 190 200 Overloaded Moves 203 | . . . . . . . . . 32 66 44 8 . 26 16 11 . . . Propulsion Burnouts . | . . . . . . . . . . . . . . . . . . . . Robots Hopped . | . . . . . . . . . . . . . . . . . . . . Potential Cave-ins . | . . . . . . . . . . . . . . . . . . . . Cave-ins Triggered . | . . . . . . . . . . . . . . . . . . . . Exploration Rate (%) 45 | 4 69 91 37 20 95 98 30 44 35 54 23 79 6 90 30 62 7 8 27 Regions Visited 19 Branch Regions 8 Pre-discovered Areas 2 | . . 1 . . 1 . . . . . . . . . . . . . . Known Exits Taken 11 | . 1 1 1 1 1 1 1 . 1 1 . . 1 . 1 . . . . Unknown Exits Taken 4 | 1 . . . . . . . . . . . . . . . 1 1 1 . Scrap Searched 6 | . . 3 . . . 1 . . . . . . . . . 2 . . . Spaces Dug 27 | . . . . . . 20 . . . 6 . . . . . . . 1 . Terrain Destroyed 249 | . 17 . 4 4 . 29 18 . 38 10 . . . . 66 4 . 50 9 Melee . | . . . . . . . . . . . . . . . . . . . . Projectile 28 | . . . . . . . . . . 10 . . . . . 4 . 5 9 AOE 221 | . 17 . 4 4 . 29 18 . 38 . . . . . 66 . . 45 . Terrain Rammed . | . . . . . . . . . . . . . . . . . . . . Walls Destroyed . | . . . . . . . . . . . . . . . . . . . . Machines Disabled . | . . . . . . . . . . . . . . . . . . . . Actions | -11 -10 -10 -9 -9 -9 -8 -8 -8 -8 -8 -7 -7 -7 -7 -6 -6 -6 -5 -5 --------- Run | Yrd Mat Min Mat Min Exi Min Mat Gar Mat Sto Fac Was Fac DSF Fac Low Low Fac Ext Total 12592 | 59 413 478 360 115 1047 745 439 631 1623 1012 1339 130 196 151 2439 496 36 488 395 Wait 2319 | . 23 1 22 9 . 91 55 35 829 431 210 . . 4 544 3 . 40 22 Move 9320 | 43 328 460 281 91 1031 630 355 502 721 506 962 130 190 128 1755 439 32 392 344 Hop . | . . . . . . . . . . . . . . . . . . . . Pick Up 187 | 10 15 2 8 3 2 3 17 16 14 12 23 . 2 6 23 12 . 14 5 Fast Attach 32 | 2 1 . 2 . . 2 2 . 2 1 5 . . 3 12 . . . . Attach 101 | 4 4 . 4 2 . . 3 5 3 6 8 . . 3 22 15 1 16 5 Detach 10 | . . . . . . . . . . . 2 . . . 6 . 2 . . Swap 77 | . 4 5 6 . . 7 2 5 10 7 16 . 2 1 12 . . . . Drop 97 | . 14 2 4 1 2 2 2 13 18 5 13 . . 6 13 1 1 . . Fire 347 | . 24 7 27 9 . 9 3 52 25 38 37 . 2 . 47 26 . 24 17 Melee 8 | . . 1 6 . . . . . . . . . . . 1 . . . . Ram 6 | . . . . . . . . . . . . . . . 4 . . . 2 Kick 71 | . . . . . . . . . 1 6 63 . . . . . . 1 . Crush 2 | . . . . . . 1 . . . . . . . . . . . 1 . Escape Stasis . | . . . . . . . . . . . . . . . . . . . . Rewire 12 | . . . . . 12 . . . . . . . . . . . . . . Trap 3 | . . . . . . . . 3 . . . . . . . . . . . Miscellaneous . | . . . . . . . . . . . . . . . . . . . . Route ------- -11/Scrapyard -10/Materials (discovered 4 exits: *Mat x2 / *Min x2) -10/Mines (discovered 2 exits: *Mat x2) -9/Materials (discovered 2 exits: *Mat / *Min) -9/Mines -9/Exiles (discovered 2 exits: *Min x2) -8/Mines (discovered 2 exits: *Mat x2) -8/Materials (discovered 2 exits: *Sto / Gar) -8/Garrison -8/Materials (discovered 2 exits: *Sto x2) -8/Storage -7/Factory -7/Waste -7/Factory -7/DSF -6/Factory (discovered 2 exits: *Low x2) -6/Lower Caves -6/Lower Caves -5/Factory -5/Extension History --------- Turn | Location | Event 2 | -11/Scrapyard | Met Revision 17 20 | -11/Scrapyard | Discovered new exit (range 15) 50 | -11/Scrapyard | Entered Materials 110 | -10/Materials | Discovered new exit (range 15) 263 | -10/Materials | Discovered new exit (range 9) 297 | -10/Materials | Discovered new exit (range 12) 310 | -10/Materials | Build established: Mutant 444 | -10/Materials | Identified exit to Mines 465 | -10/Materials | Discovered new exit (range 12) 591 | -10/Materials | Entered Mines 1018 | -10/Mines | Learned location of Storage (-8) 1034 | -10/Mines | Discovered new exit (range 9) 1083 | -10/Mines | Identified exit to Materials 1139 | -10/Mines | Discovered exit to Materials (range 7) 1141 | -10/Mines | Met a Derelict testing a Signal Generator 1153 | -10/Mines | Entered Materials 1153 | -9/Materials | Accompanied by 1 ally 1153 | -9/Materials | Evolved 2 slots: Utility x2 1451 | -9/Materials | Discovered new exit (range 13) 1655 | -9/Materials | Discovered new exit (range 11) 1664 | -9/Materials | Lost 3 parts (1u2w) 1696 | -9/Materials | Identified exit to Mines 1697 | -9/Materials | Entered Mines 1780 | -9/Mines | Assisted by bots powering up and referring to "LRC-V3" 1803 | -9/Mines | YI-UF0 nonchalantly dropped a Grenade Launcher on the ground 1869 | -9/Mines | Deemed a non-threat by the Exiles lab entrance 1869 | -9/Mines | Discovered new exit (range 5) 1874 | -9/Mines | Identified exit to Exiles 1876 | -9/Mines | Entered Exiles 1876 | -9/Exiles | Accompanied by 3 allies 1918 | -9/Exiles | Discovered new exit (range 15) 1937 | -9/Exiles | Identified exit to Mines 1974 | -9/Exiles | Met 8R-AWN 2001 | -9/Exiles | Met EX-HEX 2062 | -9/Exiles | Met EX-DEC 2112 | -9/Exiles | Learned location of Zion (-6) 2203 | -9/Exiles | Discovered exit to Mines (range 15) 2439 | -9/Exiles | Visited The Gauntlet 2811 | -9/Exiles | Met EX-BIN 2838 | -9/Exiles | Aligned with FarCom system 2840 | -9/Exiles | Given EX-Vault access code 2947 | -9/Exiles | Opened EX-Vault 2959 | -9/Exiles | Found Potential Leg 2962 | -9/Exiles | Found Potential Leg 2995 | -9/Exiles | Warned to stay clear of 0b10 Research branches 3541 | -9/Exiles | Left Exiles lab with Potential Leg 3541 | -9/Exiles | Entered Mines 3541 | -8/Mines | Accompanied by 3 allies 4491 | -8/Mines | Discovered new exit (range 10) 4505 | -8/Mines | Identified exit to Materials 4560 | -8/Mines | Discovered exit to Materials (range 15) 4732 | -8/Mines | Entered Materials 4732 | -8/Materials | Accompanied by 2 allies 4732 | -8/Materials | Evolved 2 slots: Propulsion x1, Utility x1 4741 | -8/Materials | Discovered new exit (range 16) 4829 | -8/Materials | Repaired Grenade Launcher 4905 | -8/Materials | Identified exit to Storage 5321 | -8/Materials | Central database locked down 5569 | -8/Materials | Identified exit to Garrison 5569 | -8/Materials | Entered Garrison 5733 | -8/Garrison | Triggered checkpoint 5760 | -8/Garrison | Build established: Hacker-Mutant 5941 | -8/Garrison | Garrison Relay disabled 6053 | -8/Garrison | Installed Relay Interface Framework 6161 | -8/Garrison | Triggered checkpoint 6219 | -8/Garrison | Triggered checkpoint 6532 | -8/Garrison | Garrison Relay disabled 6535 | -8/Garrison | Garrison Relay disabled 6551 | -8/Garrison | Garrison Relay disabled 6643 | -8/Garrison | Garrison Relay disabled 6805 | -8/Garrison | Triggered checkpoint 6849 | -8/Garrison | Garrison Relay disabled 6850 | -8/Garrison | Lost 3 parts (3n) 6908 | -8/Garrison | Discovered new exit (range 12) 6925 | -8/Garrison | Identified exit to Materials 6926 | -8/Garrison | Entered Materials 7724 | -8/Materials | Repaired Hvy. Ion Engine 8818 | -8/Materials | Entered Storage 8824 | -8/Storage | Found Prototype Launcher 9040 | -8/Storage | Repaired Broken Carbon-fiber Leg 9091 | -8/Storage | Identified Gui. EMP Blaster 9413 | -8/Storage | Core integrity fell below 50% 9735 | -8/Storage | Discovered new exit (range 9) 9763 | -8/Storage | Repaired ECM Suite 9815 | -8/Storage | Repaired Beamcaster 9824 | -8/Storage | Identified exit to Factory 9825 | -8/Storage | Entered Factory 9825 | -7/Factory | Evolved 2 slots: Propulsion x1, Utility x1 10416 | -7/Factory | Build established: Scavenger-Mutant 10417 | -7/Factory | Fabricated System Shield (x1) 10604 | -7/Factory | Lost 8 parts (1p5n1u1w) 10689 | -7/Factory | Repaired Lrg. Storage Unit 10765 | -7/Factory | Core integrity fell below 50% 10866 | -7/Factory | Repaired ECM Suite 11126 | -7/Factory | Build established: Bothacker-Mutant 11227 | -7/Factory | Fabricated Hacking Suite (x1) 11420 | -7/Factory | Sucked down chute 11420 | -7/Factory | Entered Waste 11420 | -7/Waste | Met up with 1 ally sucked down the chute earlier 11430 | -7/Waste | Spotted C-40 Crusher 11435 | -7/Waste | EMP discharged 11435 | -7/Waste | System corruption reached 10% 11466 | -7/Waste | Spotted C-40 Crusher 11467 | -7/Waste | Spotted C-40 Crusher 11486 | -7/Waste | Spotted C-40 Crusher 11488 | -7/Waste | Spotted C-40 Crusher 11507 | -7/Waste | Spotted C-40 Crusher 11525 | -7/Waste | Discovered new exit (range 11) 11533 | -7/Waste | Identified exit to Factory 11534 | -7/Waste | Entered Factory 11595 | -7/Factory | Watched by a mysterious "MATRIX" hacker. 11714 | -7/Factory | Identified exit to DSF 11714 | -7/Factory | Entered DSF 11738 | -7/DSF | Additional patrols routed to DSF 11839 | -7/DSF | Discovered new exit (range 14) 11862 | -7/DSF | Entered Factory 11862 | -6/Factory | Evolved 2 slots: Utility x2 11875 | -6/Factory | Build established: Hacker-Mutant 11904 | -6/Factory | Fabricated Hacking Suite (x1) 11930 | -6/Factory | Fabricated System Shield (x1) 12306 | -6/Factory | Spotted B-75 Beast 12307 | -6/Factory | Assimilated Beast 5a with formatsys_high 12392 | -6/Factory | Identified exit to Lower Caves 12526 | -6/Factory | Lost 5 parts (1p2n1u1w) 12857 | -6/Factory | Fabricated Cloaking Device (x2) 12920 | -6/Factory | Repaired Imp. Gravmag System+ 12972 | -6/Factory | Repaired Gravmag Array 13039 | -6/Factory | Repaired Imp. Proton Missile Launcher 13129 | -6/Factory | Repaired Beamcaster 13558 | -6/Factory | Fabricated Imp. Hacking Suite (x1) 13579 | -6/Factory | Core integrity fell below 50% 13587 | -6/Factory | Entered Lower Caves 13597 | -6/Lower Caves | Learned Factory interactive machine intel 13609 | -6/Lower Caves | Lost 10 parts (2p4n3u1w) 13811 | -6/Lower Caves | Attracted the attention of an 0b10 outpost 13899 | -6/Lower Caves | Core integrity fell below 20% 13945 | -6/Lower Caves | Lost 8 parts (1p2n2u3w) 14021 | -6/Lower Caves | Lost 5 parts (1p3n1u) 14034 | -6/Lower Caves | Discovered new exit (range 5) 14052 | -6/Lower Caves | Entered another Lower Caves area 14058 | -6/Lower Caves | Discovered new exit (range 5) 14061 | -6/Lower Caves | Encountered a Warlord checkpoint 14087 | -6/Lower Caves | Entered Factory 14087 | -5/Factory | Evolved 2 slots: Power x1, Propulsion x1 14088 | -5/Factory | Loaded intel: 53 interactive machine locations 14507 | -5/Factory | Spotted B-75 Beast 14555 | -5/Factory | Lost 5 parts (1p1n1u2w) 14698 | -5/Factory | Lost 4 parts (1p2n1w) 14733 | -5/Factory | Discovered new exit (range 12) 14734 | -5/Factory | Core integrity fell below 50% 14772 | -5/Factory | Entered Extension 14774 | -5/Extension | Disrupted transfer network 14775 | -5/Extension | Lost 5 parts (2n2u1w) 15102 | -5/Extension | Spotted B-75 Beast 15285 | -5/Extension | Spotted B-75 Beast 15287 | -5/Extension | Core integrity fell below 20% 15296 | -5/Extension | Destroyed by Y-64 Sentinel with KE Penetrator Last Messages --------------- 15269_ System corrupted: Heat flow error (+252). 15271_ Com. Wheel destroyed. 15275_ Adv. Plasma Cannon destroyed. 15283_ Penetrated by Slug. 15283_ Flexi-carbon Leg destroyed. 15284_ Critical hit (Meltdown: +310). 15286_ Backup Power III destroyed. 15286_ Tesla Rifle destroyed. 15286_ System Shield destroyed. 15286_ Critical hit (Blast). 15286_ Penetrated by Slug. 15287_ Imp. Hover Unit destroyed. 15287_ Critical hit (Burn: +37). 15287_ Penetrated by Slug. 15287_ Com. Wheel destroyed. 15289_ Penetrated by Slug. 15290_ Machine disabled. 15290_ U-05 Engineer knocked back. 15296_ Penetrated by Slug. [Achievement: Achiever] Map ----- +----------------------------------------------------+ | ?????????????????????????????????????????????????? | | ?????????????????????????????????????????????????? | | ?????????????????????????????????????????????????? | | ?????????????????????????????????????????????????? | | ?????????????????????????????????????????????????? | | ?????????????????????????????????????????????????? | | ?????????????????????????????????????????????????? | | ?????????????????????? ??????????????????????????? | | ?????????????????????? ??????????????????????????? | | ?????????????????????? #?????????????????????????? | | ?????????????????????# #?????????????????????????? | | ?????????????????????# #?????????????????????????? | | ?????????????????????# #??##?##??????????????????? | | ???????????????????### ### ## ### #??????????????? | | ???????????????????#""u"" Y "" ""#????????????? | | ???????????????????# " " " #????????????? | | ???????????????????# #????????????? | | ??????????????#????# % ##???????????? | | ###############;#### ;##??????????? | | u ??????????? | | % %R Y ??????????? | | % % ?????????? | | BB ?????????? | | BB ?????????? | | #############"###### BB #????????????? | | ????????????##?????# @ BB #????????????? | | ??????????????????#; #????????????? | | ??????????????????## #????????????? | | ??????????????????#; #????????????? | | ??????????????????#######T#"""#######????????????? | | ?????????????????????????##??????????????????????? | | ?????????????????????????????????????????????????? | | | | | | | | | | | | | | | | | | | | | | | | | | | | | | | | | | | | | +----------------------------------------------------+ Best States ------------- Heat Dissipation 62 Energy Generation 19 Energy Capacity 360 Matter Stores 300 Matter Capacity 300 Sight Range 16 Terrain Scan Range 16 Terrain Scan Density 10 ECM Strength 1 Jamming Range 12 Cloak Strength 2 Armor Coverage 150 Resistance: EM 25 Evasion (%) 70 Targeting Accuracy 8 Launcher Accuracy 30 Recoil Reduction 3 Offensive Hacking 30 Defensive Hacking 31 Relay Coupler Types 1 Relay Coupler Value 23 Authchip Count 3 Item Schematics ----------------- System Shield | -8/Materials | Hacked Hacking Suite | -8/Materials | Hacked Lgt. Angular Momentum Engine | -8/Materials | Scanalyzed Imp. Datajack | -8/Materials | Hacked Gravmag System | -6/Factory | Scanalyzed Imp. Hacking Suite | -6/Factory | Hacked Robot Schematics ------------------ None Fabricated ------------ System Shield | x1 | -7/Factory Hacking Suite | x1 | -7/Factory Hacking Suite | x1 | -6/Factory | Authchip System Shield | x1 | -6/Factory | Authchip Cloaking Device | x2 | -6/Factory | Preloaded Imp. Hacking Suite | x1 | -6/Factory Repaired ---------- Grenade Launcher | 20% | -8/Materials Hvy. Ion Engine | 3% | -8/Materials Carbon-fiber Leg | 79% | -8/Storage | Broken ECM Suite | 35% | -8/Storage Beamcaster | 87% | -8/Storage Lrg. Storage Unit | 78% | -7/Factory ECM Suite | 70% | -7/Factory Imp. Gravmag System | 18% | -6/Factory Gravmag Array | 63% | -6/Factory Imp. Proton Missile Launcher | 64% | -6/Factory Beamcaster | 50% | -6/Factory Studied --------- Imp. Gravmag System | -6/Factory | Hacked Alien Tech Used ----------------- None Achievements -------------- Achiever Knowing Is Half The Battle Official Business Professional Mechanic Sixth Sense Challenges ------------ None Game ------ Seed ShrapnelZeronetPit Manual? 0 Play Time 03:29:40 Cumulative 50.4 hours Start 2026.03.02 @ 21:13:35 End 2026.03.03 @ 23:05:43 Sessions 5 Manual Loads 0 Difficulty Rogue Special Mode None Game No. 46 Rogue 46 Adventurer 0 Explorer 0 Win Type - Total 0 Types 0/0/0/0/0/0/0/0/0/0 Lore% 22 Gallery% 32 Achievement% 25 Wizard Run 0 Options --------- Layout 1 ASCII 0 Keyboard 0 Movement Mouse Keybinds 0 Fullscreen 2 Font 24/Smallcaps Map View 50x35 Zoom Use 0% Tactical HUD 1 Map Filters NONE Filters NONE Steam 1 RUN: 96d578bd-bc48-437f-8e21-6199e4483ee4